 Dungeon Crawl Stone Soup version 0.31-a0-750-gfe7b580527 (webtiles) character file.

Game seed: 5916574724932921989

303 Dirtsage the Chopper (level 6, 48/70 HPs)
             Began as a Demonspawn Berserker on Sept 14, 2023.
             Was a Believer of Trog.
             Quit the game on level 3 of the Dungeon.
             The game lasted 00:03:40 (1994 turns).

Dirtsage the Chopper (Demonspawn Berserker)         Turns: 1994, Time: 00:03:41

Health: 48/70      AC:  6    Str: 19    XL:     6   Next: 15%
Magic:  6/6        EV: 16    Int:  9    God:    Trog [**....]
Gold:   178        SH:  0    Dex: 16    Spells: 5/5 levels left

rFire   . . .        k - +0 war axe
rCold   . . .        (no shield)
rNeg    . . .        c - +0 ring mail
rPois   .            (helmet restricted)
rElec   .            (no cloak)
rCorr   .            m - +0 pair of gloves
SInv    .            (no boots)
Will    .....        (no amulet) Stlth
                     a - +5 ring of evasion
HPRegen 0.31/turn    (no ring)
MPRegen 0.10/turn

%: no passive effects
@: berserking (expiring), very quick
A: horns 1, thin skeletal structure 2, ignite blood 1
a: Renounce Religion, Berserk, Trog's Hand


You were on level 3 of the Dungeon.
You worshipped Trog.
Trog was pleased with you.
You visited 1 branch of the dungeon, and saw 3 of its levels.

You collected 178 gold pieces.

Inventory:

Hand Weapons
 k - a +0 war axe (weapon)
Armour
 c - a +0 ring mail (worn)
 m - a +0 pair of gloves (worn)
Jewellery
 a - a +5 ring of evasion (left hand)
Scrolls
 d - 2 scrolls of enchant weapon {unknown}
 e - 2 scrolls of revelation {unknown}
 g - a scroll of blinking {unknown}
 h - a scroll of fog {unknown}
 i - 4 scrolls of identify {unknown}
 j - a scroll of poison {unknown}
 l - a scroll of teleportation {unknown}
Potions
 f - a potion of lignification {unknown}


   Skills:
 - Level 3.0 Fighting
 + Level 6.3 Axes
 - Level 1.7 Armour
 - Level 1.7 Dodging


You had 5 spell levels left.
You didn't know any spells.
Your spell library contained the following spells:

 Spells                   Type           Power      Damage    Failure   Level
 Foxfire                  Conj/Fire      0%         2x1d4     56%         1
 Necrotise                Necr           0%         1d4       56%         1
 Sting                    Tmut/Pois      0%         1d3       56%         1
 Poisonous Vapours        Pois/Air       0%         N/A       71%         2
 Vampiric Draining        Necr           0%         2d6       91%         3
 Olgreb's Toxic Radiance  Pois           0%         N/A       100%        4
 Agony                    Necr           0%         N/A       100%        5
 Plasma Beam              Fire/Air       0%         2x1d10    100%        6
 Starburst                Conj/Fire      0%         6d3       100%        6


Dungeon Overview and Level Annotations

Branches:
Dungeon (3/15)

Altars:
Gozag
Hepliaklqana
Qazlal
Yredelemnul

Annotations:
D:3 1 runed translucent door, gabibbone's ghost, amateur OgSh


Innate Abilities, Weirdness & Mutations

You have a pair of small horns on your head.
You have a moderately thin skeletal structure. (Dex +4, Stealth++)
Your demonic aura sometimes causes spilled blood to erupt in flames.


Message History

A red film seems to cover your vision as you go berserk!
You feel yourself moving faster!
You feel mighty!
You now have 48/52 hp.
You hit Grinder.
Grinder is lightly wounded.
You barely miss Grinder. You headbutt Grinder!
Grinder is moderately wounded.
Grinder says, "Just stop there for a second..."
Grinder hits you!
You writhe in agony.
You take 10 damage, and have 38/52 hp.
You closely miss Grinder.
Grinder is moderately wounded.
Grinder completely misses you.
You slash Grinder!
Grinder is heavily wounded.
Grinder says, "Are you a fish?" Grinder hits you.
You take 4 damage, and have 35/52 hp.
You closely miss Grinder. You headbutt Grinder!
Grinder is almost dead.
Grinder misses you.
You slash Grinder!
You kill Grinder!
Trog accepts your kill.
Your Axes skill gained 2 levels and is now at level 6!
You have reached level 5!
You have reached level 6!
Your demonic ancestry asserts itself...
Your bones become somewhat less dense.
You regained 13 hp, and now have 48/70 hp.
MP restored: 6 You start resting.
You feel a strong urge to attack something.
Unknown command.
Saving game... please wait.
Level annotation: 1 runed translucent door, gabibbone's ghost, amateur OgSh Welcome back, Dirtsage the Demonspawn Berserker.
Trog says: Kill them all!
Press ? for a list of commands and other information.
Are you sure you want to abandon this character and quit the game? (Confirm with "yes".)

#### #>.# #####..####
#.........##
#.###......## ### #.#
#####...#####.# #.#
##......... #.#####
##.######.# #.@...#
#.........#
#..........#.##..#####
#.........[#.#<...###
#..........#.#..#...##
#............#.##.#...
#.############)...#...
#. ####.#... # #.....
##.###


There were no monsters in sight!

Vanquished Creatures
  Grinder (D:3)
  An orc priest (D:3)
  2 adders
  A gnoll (D:1)
  A worm (D:2)
  3 orcs (D:3)
  5 endoplasms
  A giant cockroach (D:1)
  3 goblins (D:3)
  3 hobgoblins
  4 jackals (D:2)
  3 kobolds
  A quokka (D:3)
  5 ball pythons (D:1)
  5 bats
  3 frilled lizards
  4 rats
  A spectral orc (D:3)
47 creatures vanquished.

Notes
Turn   | Place    | Note
-------+----------+-------------------------------------------
     0 | D:1      | Dirtsage the Demonspawn Berserker began the quest for the
                  | Orb.
     0 | D:1      | Reached XP level 1. HP: 18/18 MP: 1/1
    81 | D:1      | Reached skill level 3 in Axes
   218 | D:1      | Gained mutation: You have a somewhat thin skeletal
                  | structure. (Dex +2, Stealth+) [demonic ancestry]
   218 | D:1      | Reached XP level 2. HP: 22/24 MP: 2/2
   807 | D:2      | Gained mutation: Your demonic aura sometimes causes spilled
                  | blood to erupt in flames. [demonic ancestry]
   807 | D:2      | Reached XP level 3. HP: 29/29 MP: 3/3
   808 | D:2      | Reached ** piety under Trog
   914 | D:2      | Reached skill level 4 in Axes
  1557 | D:3      | Found a hazy altar of Hepliaklqana.
  1562 | D:3      | Gained mutation: You have a pair of small horns on your
                  | head. [demonic ancestry]
  1562 | D:3      | Reached XP level 4. HP: 16/35 MP: 4/4
  1654 | D:3      | Found a stormy altar of Qazlal.
  1666 | D:3      | Found an opulent altar of Gozag.
  1732 | D:3      | Found a faded altar of an unknown god.
  1872 | D:3      | Found a basalt altar of Yredelemnul.
  1946 | D:3      | Found a runed translucent door.
  1946 | D:3      | Noticed a bullfrog
  1947 | D:3      | Noticed gabibbone's ghost (amateur OgSh)
  1979 | D:3      | Noticed Grinder
  1991 | D:3      | Killed Grinder
  1992 | D:3      | Reached skill level 6 in Axes
  1992 | D:3      | Reached XP level 5. HP: 41/41 MP: 5/5
  1992 | D:3      | Gained mutation: You have a moderately thin skeletal
                  | structure. (Dex +4, Stealth++) [demonic ancestry]
  1992 | D:3      | Reached XP level 6. HP: 47/47 MP: 6/6
  1994 | D:3      | Saving game... please wait.
  1994 | D:3      | Quit the game

Illustrated notes

Levels and vault maps discovered:
D:1:      heliophobic_arrival_enchanted_forest, layout_basic, serial_curves,
          eino_curves_01, eino_curves_03
D:2:      layout_basic
D:3:      layout_basic, nicolae_overflow_macrodata_refinement,
          yredelemnul_forgotten_temple_becter,
          shapermc_ecumenical_altar_pompeii, ebering_ghost_sewer_f, uniq_grinder

Skill      XL: |  1  2  3  4 |
---------------+-------------+-----
Axes           | 3 4 6 |  6.3
Fighting       | |  3.0
Armour         | |  1.7
Dodging        | |  1.7

Action                     |  1- 3 |  4- 6 || total
---------------------------+-------+-------++-------
  Melee: Hand axe          |   102 |       ||   102
         Punch             |     2 |       ||     2
         War axe           |       |    24 ||    24
         Headbutt          |       |     4 ||     4
 Invoke: Berserk           |     1 |     1 ||     2
   Stab: Sleeping          |     1 |     1 ||     2
         Distracted        |     1 |       ||     1
 Armour: Ring mail         |    54 |    11 ||    65
         Animal skin       |     7 |       ||     7
  Dodge: Dodged            |    60 |     8 ||    68

Table legend: (Time is in decaauts)
 A = Elapsed time spent in this place.
 B = Non-inter-level travel time spent in this place.
 C = Inter-level travel time spent in this place.
 D = Time resting spent in this place.
 E = Time spent auto-exploring this place.
 F = Levels seen in this place.
 G = Mean time per level.
                   A        B        C        D        E       F      G
               +--------+--------+--------+--------+--------+-----+--------+
         Total |   2014 |   1951 |     63 |      1 |   1581 |   3 |  671.3 |
       Dungeon |   2014 |   1951 |     63 |      1 |   1581 |   3 |  671.3 |
               +--------+--------+--------+--------+--------+-----+--------+

Top non-repeatable levels by time:
     D:2: 786 daAuts
     D:1: 717 daAuts
     D:3: 511 daAuts
